Map: Dusk Towers

Players

NXZ

  • Race: Zerg Zerg
  • League: Grandmaster

iaguz - Winner!

  • Race: Terran Terran

Event: 2016 WCS Winter Challenger Oceania SEA

VOD

Have the link to the VOD?

Description

Time

  • Played on: Feb. 12, 2016, 10:06 p.m.
  • Length: 7:30

All games in this series

Show
View Real Time Build Order
Export as new Build Order

NXZ Zerg 

Build Orders: Hatch First, Roach Nydus 

Get SALT Encoding   

  12  0:00  Drone  
  13  0:12  Overlord  
  13  0:17  Drone  
  14  0:30  Drone  
  14  0:31  Drone  
  14  0:34  Drone  
  17  0:51  Hatchery  
  17  0:54  Drone  
  17  0:57  Drone  
  17  1:00  Extractor  
  17  1:13  Spawning Pool  
  17  1:17  Drone  
  17  1:20  Drone  
  18  1:28  Drone  
  19  1:39  Overlord  
  19  2:00  Metabolic Boost, Zergling x4, Queen  
  23  2:03  Queen  
  23  2:08  Zergling x2  
  26  2:10  Drone  
  26  2:14  Drone  
  28  2:21  Drone  
  29  2:24  Overlord  
  29  2:32  Overlord  
  29  2:42  Queen x2  
  33  2:45  Drone  
  33  2:48  Drone  
  33  2:49  Drone  
  36  2:54  Drone  
  36  2:57  Drone  
  38  3:04  Drone  
  39  3:09  Drone  
  39  3:10  Drone x4  
  44  3:15  Overlord  
  44  3:20  Overlord  
  44  3:25  Lair  
  44  3:29  Extractor x2  
  44  3:30  Drone  
  44  3:31  Drone  
  44  3:36  Drone x2  
  44  3:40  Drone  
  47  3:41  Drone  
  47  3:45  Roach Warren  
  47  3:57  Drone x6  
  47  4:01  Overlord  
  47  4:02  Extractor  
  52  4:12  Drone x3  
  55  4:24  Nydus Network  
  55  4:25  Roach x4  
  55  4:28  Roach  
  64  4:35  Roach x2  
  64  4:37  Overlord  
  68  4:40  Overlord  
  65  4:46  Glial Reconstitution  
  65  4:58  Roach x4  
  65  4:59  Roach x2  
  77  5:01  Roach  
  77  5:04  Roach  
  81  5:08  Nydus Canal  
  81  5:11  Roach  
  83  5:15  Overlord  
  83  5:16  Overlord  
  83  5:31  Overlord  
  83  5:33  Overlord, Queen x2  
  87  5:36  Overseer  
  87  5:40  Zergling x2  
  87  5:41  Drone  
  89  5:43  Drone x2  
  91  5:52  Hatchery  
  91  5:55  Roach  
  92  5:57  Roach  
  92  6:00  Roach  
  96  6:10  Ravager  
  96  6:11  Ravager x4  
  100  6:25  Roach x5  
  107  6:26  Overlord  
  106  6:36  Nydus Canal  
  106  6:37  Overlord  
  106  6:42  Roach  
  106  6:45  Roach  
  106  6:46  Roach x3  
  91  7:03  Roach x4  
  91  7:04  Roach  
  91  7:08  Roach  
Show
View Real Time Build Order
Export as new Build Order

iaguz Terran - Winner!

Build Orders:  

Get SALT Encoding   

  12  0:00  SCV  
  13  0:13  SCV  
  14  0:17  Supply Depot  
  14  0:25  SCV  
  15  0:38  SCV  
  15  0:39  Barracks  
  16  0:50  SCV  
  17  1:02  SCV  
  18  1:14  Command Center  
  18  1:16  SCV  
  19  1:28  Orbital Command  
  19  1:29  Marine  
  20  1:34  Refinery  
  20  1:44  Supply Depot  
  20  1:48  Marine  
  20  1:49  Refinery  
  21  1:55  SCV  
  22  2:06  Marine  
  23  2:08  SCV  
  24  2:20  SCV  
  25  2:24  Marine  
  25  2:26  Factory  
  25  2:27  Orbital Command  
  26  2:33  SCV  
  27  2:42  Barracks Reactor  
  27  2:46  SCV  
  28  2:54  SCV  
  28  2:57  Command Center  
  29  3:01  SCV  
  30  3:08  SCV  
  30  3:12  Starport  
  31  3:14  SCV  
  31  3:19  Factory Tech Lab  
  32  3:20  Marine  
  32  3:21  Marine  
  32  3:23  Bunker  
  32  3:24  SCV  
  35  3:29  SCV  
  36  3:36  SCV  
  36  3:39  Supply Depot  
  39  3:41  SCV  
  39  3:44  Siege Tank  
  42  3:49  SCV  
  42  3:51  Fusion Core  
  42  3:53  SCV, Starport Tech Lab  
  43  3:57  Marine x2  
  43  4:01  SCV  
  46  4:06  SCV  
  46  4:08  Orbital Command  
  47  4:10  Liberator  
  47  4:14  SCV  
  48  4:17  Refinery  
  48  4:22  Barracks  
  48  4:24  Barracks  
  48  4:26  SCV  
  48  4:27  SCV  
  53  4:37  Orbital Command  
  53  4:38  SCV, Marine  
  55  4:39  Refinery, SCV  
  56  4:48  Advanced Ballistics  
  56  4:50  SCV  
  56  4:51  SCV  
  58  4:54  Engineering Bay  
  58  4:56  Supply Depot, Marine  
  58  4:57  Engineering Bay  
  59  5:00  Stimpack  
  59  5:02  SCV  
  59  5:03  SCV  
  59  5:05  SCV  
  62  5:09  Factory Reactor  
  62  5:12  Liberator, Marine x2  
  64  5:14  SCV, Marine  
  64  5:15  SCV  
  64  5:17  SCV  
  68  5:24  Marine  
  68  5:27  SCV x2  
  71  5:29  SCV, Marine  
  76  5:39  SCV  
  76  5:41  Supply Depot  
  77  5:44  Supply Depot  
  77  5:45  Supply Depot, SCV x2  
  79  5:51  SCV  
  79  5:52  Marine x3  
  79  5:55  Factory Reactor  
  83  5:57  SCV x2  
  83  6:03  SCV, Marine x2  
  88  6:06  Supply Depot x2  
  88  6:08  Supply Depot, Barracks  
  88  6:09  SCV  
  89  6:12  Marine x3  
  92  6:26  SCV x2  
  92  6:28  Marine x2  
  92  6:30  Marine  
  97  6:34  SCV, Barracks  
  97  6:38  SCV  
  97  6:39  Marine  
  102  6:40  Marauder  
  102  6:45  Marine  
  102  6:46  Siege Tank, Medivac x2, Marine  
  111  6:53  Marine  
  112  6:57  Marine  
  98  7:01  Marauder  
  98  7:03  Marine x2  
  98  7:05  Marine  
  80  7:11  Marine  
Tags
 
Add a new tag
Caveats
  • Supply blocks, unpowered buildings, or Contaminate may cause inaccurate times.
  • Supply counts are checked every 10 seconds.